 Dungeon Crawl Stone Soup version 0.24.0-125-gc4c63601f3 (webtiles) character file.

Game seed: 8312675599183123420, levelgen mode: deterministic

1786056 Findor the Hoplite (level 27, 194/196 HPs)
             Began as a Gargoyle Fighter on Mar 20, 2020.
             Was the Champion of Okawaru.
             Escaped with the Orb
             ... and 3 runes!
             The game lasted 02:22:36 (65798 turns).

Findor the Hoplite (Gargoyle Fighter)              Turns: 65798, Time: 02:22:37

Health: 194/196    AC: 67    Str: 31    XL:     27
Magic:  29/29      EV: 21    Int: 15    God:    Okawaru [******]
Gold:   4189       SH: 28    Dex: 17    Spells: 26/26 levels left

rFire    + + +     SeeInvis +   b - +11 eveningstar of Zujud {crush, rC- Int+2 Dex+8}
rCold    + . .     Gourm    .   y - +2 shield {rC+}
rNeg     + . .     Faith    +   V - +11 gold dragon scales
rPois    ∞         Spirit   .   d - +3 crown of Dyrovepreva {rElec Int+2 SInv}
rElec    +         Reflect  .   R - scarf {repulsion}
rCorr    +         Harm     .   l - +2 pair of gloves {Str+3}
MR       +++..                  K - +2 pair of boots {run}
Stlth    ..........             Z - amulet of Broken Luck {Faith rF+++ MR+ Str-3 Stlth+}
HPRegen  0.42/turn              Q - ring of resist corrosion
MPRegen  0.21/turn              F - +2 ring of evasion

@: flying, repel missiles, quick
A: big wings, large bone plates 2, blurry vision 1, negative energy resistance
1, electricity resistance, unbreathing, petrification resistance, rot immunity,
MP-powered wands, AC +20
0: Orb of Zot
}: 3/15 runes: decaying, serpentine, silver
a: Stop Flying, Heroism, Finesse, Renounce Religion


You escaped.
You worshipped Okawaru.
Okawaru was exalted by your worship.
You were not hungry.

You visited 10 branches of the dungeon, and saw 50 of its levels.
You also visited: Ossuary and Volcano.

You collected 7497 gold pieces.
You spent 3308 gold pieces at shops.


Innate Abilities, Weirdness & Mutations

You are resistant to torment.
Your stone body is resilient. (AC +20)
You are immune to poison.
Your large and strong wings let you fly indefinitely.
You resist negative energy. (rN+)
You are resistant to electric shocks. (rElec)
You can survive without breathing.
You are immune to petrification.
You are immune to rotting.
You are mostly covered in large bone plates. (SH +6)
Scrolls take you a little longer to read.
You expend magic power (3 MP) to strengthen your wands.


   Skills:
 + Level 26.1 Fighting
 + Level 19.9 Maces & Flails
 + Level 22.7 Armour
 + Level 19.2 Dodging
 * Level 26.2 Shields
 - Level 8.0 Invocations


You had 26 spell levels left.
You didn't know any spells.
Your spell library contained the following spells:

 Spells                   Type           Power        Failure   Level  Hunger
 Animate Skeleton         Necr           N/A          89%         1    ##.....
 Apportation              Tloc           #.....       89%         1    ##.....
 Beastly Appendage        Tmut           #.....       89%         1    ##.....
 Confusing Touch          Hex            #.....       89%         1    ##.....
 Flame Tongue             Conj/Fire      #....        89%         1    ##.....
 Freeze                   Ice            #...         89%         1    ##.....
 Magic Dart               Conj           #...         89%         1    ##.....
 Pain                     Necr           #...         89%         1    ##.....
 Sandblast                Erth           #.....       89%         1    ##.....
 Shock                    Conj/Air       #...         89%         1    ##.....
 Summon Butterflies       Summ           #.......     89%         1    ##.....
 Summon Small Mammal      Summ           #...         89%         1    ##.....
 Blink                    Tloc           N/A          96%         2    ###....
 Call Imp                 Summ           #.......     96%         2    ###....
 Corpse Rot               Necr           N/A          96%         2    ###....
 Ensorcelled Hibernation  Hex/Ice        #.....       96%         2    ###....
 Passwall                 Tmut/Erth      #.......     96%         2    ###....
 Poisonous Vapours        Pois/Air       #.....       96%         2    ###....
 Searing Ray              Conj           #.....       96%         2    ###....
 Slow                     Hex            #.......     96%         2    ###....
 Sticks to Snakes         Tmut           #.......     96%         2    ###....
 Swiftness                Chrm/Air       #.......     96%         2    ###....
 Throw Flame              Conj/Fire      #.....       96%         2    ###....
 Throw Frost              Conj/Ice       #.....       96%         2    ###....
 Call Canine Familiar     Summ           #.......     99%         3    ####...
 Confuse                  Hex            #.......     99%         3    ####...
 Conjure Flame            Conj/Fire      #.......     99%         3    ####...
 Gell's Gravitas          Tloc           #.........   99%         3    ####...
 Inner Flame              Hex/Fire       #.......     99%         3    ####...
 Lesser Beckoning         Tloc           #.........   99%         3    ####...
 Mephitic Cloud           Conj/Pois/Air  #.......     99%         3    ####...
 Ozocubu's Armour         Chrm/Ice       #.......     99%         3    ####...
 Recall                   Summ/Tloc      N/A          99%         3    ####...
 Regeneration             Chrm/Necr      #.........   99%         3    ####...
 Spider Form              Tmut/Pois      #.........   99%         3    ####...
 Static Discharge         Conj/Air       #.......     99%         3    ####...
 Stone Arrow              Conj/Erth      #.....       99%         3    ####...
 Summon Guardian Golem    Hex/Summ       #.......     99%         3    ####...
 Tukima's Dance           Hex            #.......     99%         3    ####...
 Vampiric Draining        Necr           #.........   99%         3    ####...
 Airstrike                Air            #.........   100%        4    #####..
 Animate Dead             Necr           N/A          100%        4    #####..
 Force Lance              Conj/Tloc      #.......     100%        4    #####..
 Ice Form                 Ice/Tmut       #.......     100%        4    #####..
 Iskenderun's Mystic Bla  Conj           #.......     100%        4    #####..
 Petrify                  Tmut/Erth      #.......     100%        4    #####..
 Sticky Flame             Conj/Fire      #.......     100%        4    #####..
 Summon Ice Beast         Ice/Summ       #.......     100%        4    #####..
 Summon Lightning Spire   Summ/Air       #.......     100%        4    #####..
 Throw Icicle             Conj/Ice       #.......     100%        4    #####..
 Agony                    Necr           #.......     100%        5    ######.
 Alistair's Intoxication  Tmut/Pois      #.......     100%        5    ######.
 Aura of Abjuration       Summ           #.........   100%        5    ######.
 Blade Hands              Tmut           #.........   100%        5    ######.
 Bolt of Draining         Conj/Necr      #.........   100%        5    ######.
 Bolt of Magma            Conj/Fire/Erth #.........   100%        5    ######.
 Borgnjor's Vile Clutch   Necr/Erth      #.........   100%        5    ######.
 Dispel Undead            Necr           #.......     100%        5    ######.
 Excruciating Wounds      Chrm/Necr      #.........   100%        5    ######.
 Fireball                 Conj/Fire      #.........   100%        5    ######.
 Iskenderun's Battlesphe  Conj/Chrm      #.......     100%        5    ######.
 Lee's Rapid Deconstruct  Erth           #.........   100%        5    ######.
 Lightning Bolt           Conj/Air       #.........   100%        5    ######.
 Metabolic Englaciation   Hex/Ice        #.........   100%        5    ######.
 Silence                  Hex/Air        #.........   100%        5    ######.
 Summon Demon             Summ           #.........   100%        5    ######.
 Summon Forest            Summ/Tloc      #.........   100%        5    ######.
 Summon Mana Viper        Hex/Summ       #.......     100%        5    ######.
 Venom Bolt               Conj/Pois      #.........   100%        5    ######.
 Yara's Violent Unravell  Hex/Tmut       #.........   100%        5    ######.
 Bolt of Cold             Conj/Ice       #.........   100%        6    #######
 Conjure Ball Lightning   Conj/Air       #.........   100%        6    #######
 Darkness                 Hex            #.........   100%        6    #######
 Deflect Missiles         Chrm/Air       #.........   100%        6    #######
 Dispersal                Tloc           #.........   100%        6    #######
 Freezing Cloud           Conj/Ice/Air   #.........   100%        6    #######
 Invisibility             Hex            #.......     100%        6    #######
 Iron Shot                Conj/Erth      #.........   100%        6    #######
 Ozocubu's Refrigeration  Ice            #.........   100%        6    #######
 Shadow Creatures         Summ           N/A          100%        6    #######
 Simulacrum               Ice/Necr       #.........   100%        6    #######
 Malign Gateway           Summ/Tloc      #.........   100%        7    #######
 Orb of Destruction       Conj           #.........   100%        7    #######
 Ring of Flames           Chrm/Fire      #.........   100%        7    #######
 Spellforged Servitor     Conj/Summ      #.........   100%        7    #######
 Summon Hydra             Summ           #.........   100%        7    #######
 Tornado                  Air            #.........   100%        9    #######
 Sublimation of Blood     Necr           Unusable     N/A         2    N/A
 Passage of Golubria      Tloc           Unusable     N/A         4    N/A

Inventory:

Hand Weapons
 a - a +9 demon whip of freezing
   (You acquired it on level 5 of the Lair of Beasts)
 b - the +11 eveningstar of Zujud (weapon) {crush, rC- Int+2 Dex+8}
   (Okawaru gifted it to you on level 3 of the Swamp)

   It inflicts extra damage upon your enemies.
   It affects your intelligence (+2).
   It affects your dexterity (+8).
   It makes you vulnerable to cold.
 X - a +6 eveningstar of flaming
   (Okawaru gifted it to you on level 4 of the Snake Pit)
Missiles
 C - 2 throwing nets (quivered) {!f}
Armour
 d - the +3 crown of Dyrovepreva (worn) {rElec Int+2 SInv}
   (You found it on level 1 of the Depths)

   It affects your intelligence (+2).
   It insulates you from electricity.
   It lets you see invisible.
 l - a +2 pair of gloves of strength (worn)
   (Okawaru gifted it to you on level 4 of the Depths)
 u - the +0 helmet of Oddimas {Dex+6}
   (Okawaru gifted it to you on level 5 of the Realm of Zot)

   It affects your dexterity (+6).
 y - a +2 shield of cold resistance (worn)
   (Okawaru gifted it to you on level 2 of the Swamp)
 J - the +10 scale mail of Spite {rF+ Str+4 Dex+3, unknown}
   (Okawaru gifted it to you on level 5 of the Realm of Zot)

   It affects your strength (+4).
   It affects your dexterity (+3).
   It protects you from fire.
 K - a +2 pair of boots of running (worn)
   (You bought it in a shop on level 2 of the Snake Pit)
 R - a scarf of repulsion (worn)
   (You found it on level 10 of the Dungeon)
 V - +11 gold dragon scales (worn)
   (You found it on level 5 of the Depths)
Jewellery
 c - an uncursed amulet of guardian spirit
   (You took it off a green draconian on level 2 of the Realm of Zot)
 e - the ring of the Equinox {Ice +Fly rPois Slay+2}
   (You took it off a deep elf knight on level 1 of the Elven Halls)

   [ring of ice]

   It enhances your ice magic.
   It affects your accuracy and damage with ranged weapons and melee attacks
   (+2).
   It makes you vulnerable to fire.
   It protects you from cold.
   It protects you from poison.
   It lets you fly.
 F - a +2 ring of evasion (right hand)
   (You found it on level 4 of the Dungeon)
 Q - a ring of resist corrosion (left hand)
   (You found it on level 5 of the Lair of Beasts)
 W - the ring of Louble Corgh {rC+ rN++ MR+ Stlth+}
   (You took it off a deep elf archer on level 3 of the Elven Halls)

   [ring of protection from magic]

   It protects you from cold.
   It greatly protects you from negative energy.
   It affects your resistance to hostile enchantments.
   It makes you more stealthy.
 Z - the amulet of Broken Luck (around neck) {Faith rF+++ MR+ Str-3 Stlth+}
   (You bought it in a shop on level 2 of the Orcish Mines)

   [amulet of faith]

   It allows you to gain divine favour quickly.
   It affects your strength (-3).
   It renders you almost immune to fire.
   It affects your resistance to hostile enchantments.
   It makes you more stealthy.
Wands
 x - a wand of acid (22)
   (You took it off Pikel on level 7 of the Dungeon)
 z - a wand of clouds (4)
   (You found it on level 3 of the Realm of Zot)
Scrolls
 m - 9 scrolls of immolation {!r}
 o - 9 scrolls of blinking
 q - 3 scrolls of silence
 t - a scroll of holy word
 w - 10 scrolls of magic mapping
 H - 14 scrolls of fog
 L - 4 scrolls of summoning
 M - 24 scrolls of remove curse {@r2}
 N - 9 scrolls of amnesia
 P - 4 scrolls of identify {@r1}
 S - 16 scrolls of teleportation {@r4}
 T - 10 scrolls of fear
Potions
 g - 2 potions of ambrosia
 i - 5 potions of resistance
 j - 9 potions of haste {@q3}
 k - 19 potions of curing {@q1}
 n - a potion of invisibility
 r - 8 potions of brilliance
 s - 6 potions of cancellation
 v - 14 potions of lignification {!q}
 B - 5 potions of might
 D - 8 potions of berserk rage
 E - 5 potions of heal wounds {@q2}
 G - 14 potions of mutation {!q}
 I - 7 potions of magic
 U - a potion of agility
Miscellaneous
 h - a phantom mirror
 p - a lightning rod (4/4) {!a}
   (You found it on level 9 of the Dungeon)
Comestibles
 f - 62 rations


Message History

(V) Vaults (C) Crypt (U) Depths (H) Hell (Z) Zot
Where to? (Enter - D:1 @ (x,y), ? - help)
Things that are here:
a +0 ring mail; a +0 short sword A sixfirhy comes into view.
You block the sixfirhy's attack.
There is a stone staircase leading up here.
The sixfirhy misses you. x2
You fly upwards.
There is a stone staircase leading down here.
(D) Dungeon (T) Temple (L) Lair (S) Swamp (P) Snake Pit (M) Slime Pits (O) Orcish Mines (E) Elven Halls (V) Vaults (C) Crypt (U) Depths (H) Hell (Z) Zot
Where to? (Enter - D:1 @ (x,y), ? - help)
A Brimstone Fiend comes into view.
You block the Brimstone Fiend's attack. x2
The Brimstone Fiend closely misses you.
You thump the Brimstone Fiend! You block the Brimstone Fiend's attack.
The Brimstone Fiend misses you. You block the Brimstone Fiend's attack.
You stick the Brimstone Fiend like a pincushion!!!
You bludgeon the Brimstone Fiend!!
You kill the Brimstone Fiend!
Okawaru accepts your kill.
There is a stone staircase leading up here.
You fly upwards.
There is a stone staircase leading down here.
(D) Dungeon (T) Temple (L) Lair (S) Swamp (P) Snake Pit (M) Slime Pits (O) Orcish Mines (E) Elven Halls (V) Vaults (C) Crypt (U) Depths (H) Hell (Z) Zot
Where to? (Enter - D:1 @ (x,y), ? - help)
A green death comes into view.
The green death gestures at you.
The bolt of poison hits you but does no damage.
You resist.
A reaper comes into view. It is wielding a +4 scythe of slicing.
There is a stone staircase leading up here.
You fly upwards.
There is a stone staircase leading down here. 2 hell hogs come into view.
There is an open gate, spattered with blood here.
You see here a +0 club.
The hell hog squeals angrily.
The hell hog moves out of view.
The hell hog breathes fire at you.
The fireball explodes!
The fireball engulfs you. You resist.
There is a staircase leading out of the dungeon here.
You have escaped!

♣♣♣ ♣♣♣♣♣.♣♣♣ ♣♣♣.......♣♣♣
♣♣....8.@.8..♣♣♣♣♣ ####
♣♣................♣ ...#
♣♣.................♣♣######
##.###♣.......8...8.......♣#.....
.....#♣#####.....h...#####♣######
.#.### ##....)..##### ###
#..###########8...8##...# #.#
#............##''h#####.###.####
#..##########.........#........##


You could see 2 hell hogs.

Vanquished Creatures
  7 ancient liches
  8 orbs of fire
  The ghost of Netemen the Timeless, a master GnFi of Cheibriados (Zot:1)
  10 Killer Klowns
  Margery (Depths:5)
  Vashnia (Snake:2)
  Saint Roka (Vaults:1)
  3 caustic shrikes (Depths:4)
  2 curse toes
  14 golden dragons
  A Brimstone Fiend (D:3)
  17 tentacled monstrosities
  2 electric golems (Zot:5)
  Jorgrun (Swamp:1)
  An Ice Fiend (Zot:1)
  2 liches (Depths:4)
  A deep elf blademaster (Elf:3)
  28 Orb Guardians
  5 titans
  A titan (shapeshifter) (Depths:3)
  5 acid blobs
  4 quicksilver dragons
  2 deep elf master archers (Elf:3)
  Agnes (Snake:4)
  Frances (Swamp:1)
  16 death cobs
  An Executioner (Depths:1)
  14 storm dragons
  The ghost of Veruih the Severer, an adept DDFi of Makhleb (Snake:3)
  Donald (Vaults:1)
  20 shadow dragons
  3 thorn hunters
  6 tengu reavers
  Kirke (Swamp:1)
  11 nagarajas
  6 draconian knights
  3 fire giants
  2 iron dragons (shapeshifter)
  6 draconian monks
  2 iron dragons
  Aizul (Swamp:4)
  8 vault wardens
  17 deep elf sorcerers
  5 ghost moths
  A ghost moth (shapeshifter) (Depths:3)
  A cacodemon (Depths:1)
  7 draconian scorchers
  4 frost giants
  11 draconian annihilators
  Louise (D:15)
  4 deep elf elementalists (Elf:3)
  A spriggan defender (Depths:4)
  5 draconian shifters
  19 very ugly things
  7 draconian stormcallers
  3 war gargoyles
  An entropy weaver (shapeshifter) (Vaults:4)
  2 entropy weavers
  9 ironheart preservers
  22 green draconians
  22 stone giants
  2 vampire knights (Depths:4)
  7 deep elf demonologists
  15 purple draconians
  16 black draconians
  A dire elephant (D:15)
  A lorocyproca (Depths:1)
  8 red draconians
  9 deep elf annihilators
  21 white draconians
  A dire elephant (shapeshifter) (Depths:3)
  34 yellow draconians
  4 spark wasps
  2 blizzard demons (Depths:3)
  18 crystal guardians
  7 deep elf death magi
  2 merfolk javelineers (Depths:4)
  An ettin (shapeshifter) (Vaults:5)
  12 fire dragons
  12 ettins
  Josephine (D:13)
  7 great orbs of eyes
  13 deep elf high priests
  12 yaktaur captains
  23 vault guards
  A hydra (shapeshifter) (Depths:3)
  6 naga warriors
  20 hydras
  9 ogre magi
  7 anacondas
  9 ice dragons
  4 rakshasas
  2 spriggan air magi
  2 shambling mangroves (Swamp:4)
  A death knight (Vaults:4)
  5 centaur warriors
  Erica (Lair:2)
  42 two-headed ogres
  A satyr (shapeshifter) (Depths:3)
  An anaconda (shapeshifter) (Vaults:5)
  A catoblepas (Lair:6)
  A queen ant (shapeshifter) (Depths:3)
  An alligator (shapeshifter) (Vaults:5)
  4 deep troll shamans
  3 death yaks
  2 tengu warriors
  7 small abominations
  12 alligators
  9 deep troll earth magi
  41 dancing weapons
  An orc high priest (Elf:3)
  A shock serpent (shapeshifter) (Depths:3)
  5 shock serpents
  7 spriggan berserkers
  15 hell knights
  17 naga sharpshooters
  30 deep elf knights
  Nergalle (D:8)
  A fire crab (Volcano)
  The ghost of diiiiiane the Thaumaturge, a novice DEFE of Vehumet (D:10)
  A sixfirhy (Depths:1)
  Sonja (D:10)
  2 flayed ghosts
  2 iron trolls (Depths:1)
  5 spriggan druids
  A salamander mystic (Snake:4)
  2 infernal demonspawn
  11 deep trolls
  26 deep elf archers
  8 unseen horrors
  4 naga ritualists
  4 lindwurms
  12 swamp dragons
  6 wizards
  A deep troll (shapeshifter) (Vaults:1)
  8 glowing orange brains
  5 obsidian statues
  An orange crystal statue (Depths:1)
  6 ironbrand convokers
  2 mana vipers (shapeshifter)
  Pikel (D:7)
  3 harpies (Vaults:1)
  14 orc knights
  4 mana vipers
  3 oklob plants (Zot:1)
  3 phantasmal warriors
  5 cyclopes
  7 orc sorcerers
  A necromancer (Depths:4)
  7 wolf spiders
  A wolf spider (shapeshifter) (Depths:3)
  6 large abominations
  A manticore (D:13)
  3 salamanders
  75 deep elf magi
  A moth of wrath (shapeshifter) (Depths:5)
  18 moths of wrath
  29 ugly things
  22 black mambas
  6 elephants (Lair:6)
  Maurice (D:12)
  8 guardian serpents (Snake:4)
  12 vault sentinels
  8 molten gargoyles
  6 naga magi
  An orange demon (Depths:1)
  A torpor snail (shapeshifter) (Depths:4)
  5 gargoyles
  4 komodo dragons
  20 spiny frogs
  7 freezing wraiths
  An efreet (D:15)
  51 yaktaurs
  A tengu conjurer (D:15)
  A merfolk (D:15)
  2 trolls (shapeshifter)
  5 wind drakes
  18 hornets
  2 polar bears (Lair:6)
  14 trolls
  2 dream sheep (Lair:6)
  46 slime creatures
  13 blink frogs
  11 tyrant leeches
  Prince Ribbit (D:7)
  4 bog bodies
  A hippogriff (shapeshifter) (Vaults:5)
  8 hippogriffs
  A snapping turtle (shapeshifter) (Depths:3)
  A redback (Vaults:3)
  A spriggan (shapeshifter) (Depths:1)
  9 air elementals
  20 water elementals
  A vampire (D:15)
  2 humans (shapeshifter)
  24 spriggans
  6 wyverns
  15 fire elementals
  3 basilisks
  8 fire bats (Volcano)
  5 wraiths
  65 yaks
  A hog (Swamp:1)
  A hungry ghost (D:11)
  2 steam dragons (Volcano)
  28 vampire mosquitoes
  4 chaos spawn (Depths:4)
  20 wargs
  48 nagas
  9 water moccasins
  11 swamp worms
  2 acid dragons
  19 insubstantial wisps
  A soldier ant (shapeshifter) (D:13)
  2 hell hounds (Volcano)
  A soldier ant (D:13)
  A floating eye (shapeshifter) (Vaults:5)
  8 porcupines
  3 sky beasts
  8 swamp drakes
  31 orc warriors
  5 ice beasts
  A slave (D:7)
  A phantom (D:5)
  6 black bears
  30 ogres
  2 eyes of draining
  13 boggarts
  5 necrophages (Swamp:4)
  16 centaurs
  10 crocodiles
  41 wolves
  A big kobold (D:8)
  16 bullfrogs
  15 earth elementals
  4 scorpions
  11 killer bees
  A howler monkey (D:11)
  A human simulacrum (Vaults:2)
  An electric eel (Snake:2)
  8 crimson imps
  4 centaur zombies
  2 bullfrog zombies
  6 lava snakes (Volcano)
  8 hounds
  23 jellies
  A human zombie (Ossuary)
  22 orc priests
  3 bullfrog skeletons (D:12)
  44 orc wizards
  5 centaur skeletons
  6 iguanas
  5 hell rats
  11 worker ants
  A big kobold zombie (Ossuary)
  4 mummies (Ossuary)
  3 hound zombies
  4 hound skeletons
  A worker ant zombie (D:7)
  A howler monkey zombie (D:11)
  4 adders
  5 shadow imps
  A white imp (Depths:4)
  An adder zombie (D:8)
  4 adder skeletons
  3 dart slugs (D:1)
  12 leopard geckos
  135 orcs
  3 ball pythons
  7 giant cockroaches
  7 goblins
  17 hobgoblins
  23 jackals
  10 kobolds
  5 quokkas
  4 bats
  2 frilled lizards
  2 goblin zombies (Ossuary)
  A kobold zombie (Ossuary)
  A leopard gecko skeleton (D:6)
  2 leopard gecko zombies (D:5)
  2 orc zombies (Ossuary)
  A quokka zombie (D:5)
  8 rats
  A briar patch (Swamp:4)
  6 crawling corpses
  3 fire vortices (Depths:2)
2409 creatures vanquished.

Vanquished Creatures (others)
  A death cob (Zot:2)
  A draconian knight (Zot:4)
  A very ugly thing (Depths:3)
  A dire elephant (shapeshifter) (Depths:3)
  A vault guard (Vaults:5)
  A deep elf mage (Elf:3)
  An ugly thing (Depths:3)
  A spiny frog (Swamp:4)
  A spriggan (Depths:4)
  2 humans (Swamp:1)
  A naga (Snake:4)
  A swamp drake (Swamp:3)
  An orc priest (Elf:1)
  2 orc wizards
  7 ball lightnings (Depths:3)
  8 orcs (Elf:1)
  12 fungi
  7 plants
50 creatures vanquished.

Grand Total: 2459 creatures vanquished

Notes
Turn   | Place    | Note
-------+----------+-------------------------------------------
     0 | D:1      | Findor the Gargoyle Fighter began the quest for the Orb.
     0 | D:1      | Reached XP level 1. HP: 14/14 MP: 1/1
    37 | D:1      | Reached XP level 2. HP: 17/19 MP: 2/2
   261 | D:1      | Reached skill level 3 in Maces & Flails
   264 | D:1      | Reached XP level 3. HP: 17/23 MP: 3/3
   889 | D:2      | Reached XP level 4. HP: 28/28 MP: 4/4
   904 | D:2      | Found a shadowy altar of Dithmenos.
   905 | D:2      | Found a glowing golden altar of the Shining One.
  1501 | D:3      | Reached XP level 5. HP: 32/32 MP: 5/5
  1649 | D:3      | Found a white marble altar of Elyvilon.
  2287 | D:4      | Found a glowing silver altar of Zin.
  2484 | D:4      | Reached XP level 6. HP: 35/37 MP: 6/6
  2790 | D:4      | Reached skill level 6 in Maces & Flails
  2790 | D:4      | Reached XP level 7. HP: 12/41 MP: 7/7
  3539 | D:5      | Entered Level 5 of the Dungeon
  3547 | D:5      | Reached skill level 6 in Shields
  3765 | D:5      | Reached XP level 8. HP: 40/46 MP: 8/8
  4208 | D:5      | Got a transparent plate armour
  4216 | D:5      | Identified the +7 plate armour "Tuaceal" {MR+} (You found
                  | it on level 5 of the Dungeon)
  4309 | D:5      | Found a staircase to the Ecumenical Temple.
  4323 | Temple   | Entered the Ecumenical Temple
  4476 | Temple   | Became a worshipper of Warmaster Okawaru
  4742 | D:5      | Found a bloodstained altar of Trog.
  5161 | D:6      | Found a shattered altar of Ashenzari.
  5230 | D:6      | Found a sand-covered staircase.
  5239 | Ossuary  | Entered an ossuary
  5616 | D:6      | Reached skill level 9 in Maces & Flails
  5840 | D:6      | Reached XP level 9. HP: 50/51 MP: 9/9
  6598 | D:7      | Reached * piety under Okawaru
  6635 | D:7      | Noticed Prince Ribbit
  6664 | D:7      | Killed Prince Ribbit
  6823 | D:7      | Noticed a gargoyle
  6837 | D:7      | Noticed Pikel
  6846 | D:7      | Killed a gargoyle
  6868 | D:7      | Killed Pikel
  6868 | D:7      | Reached ** piety under Okawaru
  6868 | D:7      | Reached skill level 9 in Shields
  6976 | D:7      | Found a basalt altar of Yredelemnul.
  7586 | D:8      | Reached XP level 10. HP: 56/56 MP: 10/10
  7716 | D:8      | HP: 11/56 [porcupine's spines (10)]
  7994 | D:8      | Found a staircase to the Lair.
  8045 | D:8      | Reached *** piety under Okawaru
  9025 | Lair:1   | Entered Level 1 of the Lair of Beasts
  9025 | Lair:1   | Noticed Nergalle
  9025 | Lair:1   | Noticed a spiny frog
  9051 | D:8      | Killed a spiny frog
  9051 | D:8      | Reached skill level 6 in Armour
  9152 | D:8      | Killed Nergalle
  9152 | D:8      | Reached **** piety under Okawaru
  9379 | Lair:1   | Reached XP level 11. HP: 60/60 MP: 11/11
  9866 | Lair:2   | Reached ***** piety under Okawaru
  9866 | Lair:2   | Reached skill level 9 in Armour
 10180 | Lair:1   | Received a gift from Okawaru
 10975 | Lair:2   | Noticed Erica
 11023 | Lair:2   | Gained mutation: You are partially covered in large bone
                  | plates. (SH +4) [potion of mutation]
 11023 | Lair:2   | Gained mutation: You expend magic power (3 MP) to
                  | strengthen your wands. [potion of mutation]
 11062 | Lair:2   | Killed Erica
 11062 | Lair:2   | Reached skill level 12 in Shields
 11540 | Lair:2   | Found a staircase to the Snake Pit.
 11913 | Lair:2   | Reached XP level 12. HP: 59/64 MP: 12/12
 12089 | Lair:3   | Received a gift from Okawaru
 12588 | Lair:3   | Reached skill level 12 in Armour
 13423 | Lair:4   | Noticed a death yak
 13425 | Lair:4   | Noticed a death yak
 13433 | Lair:4   | Noticed a death yak
 13516 | Lair:3   | Killed a death yak
 13789 | Lair:4   | Killed a death yak
 13962 | Lair:4   | Noticed a four-headed hydra
 13984 | Lair:4   | Killed a four-headed hydra
 14030 | Lair:3   | Killed a death yak
 14754 | Lair:4   | Noticed a six-headed hydra
 14770 | Lair:4   | Killed a six-headed hydra
 14770 | Lair:4   | Reached skill level 6 in Fighting
 14770 | Lair:4   | Reached XP level 13. HP: 71/74 MP: 11/13
 14831 | Lair:4   | Found a staircase to the Swamp.
 14837 | Lair:4   | Reached skill level 1 in Invocations
 15752 | Lair:6   | Entered Level 6 of the Lair of Beasts
 15962 | Lair:6   | Found a dark tunnel.
 15983 | Volcano  | Entered a volcano
 16146 | Volcano  | Reached skill level 3 in Invocations
 16416 | Volcano  | Found a bloodstained altar of Trog.
 16762 | Lair:6   | Reached ****** piety under Okawaru
 16929 | Lair:6   | Received a gift from Okawaru
 17221 | Lair:6   | Reached skill level 15 in Armour
 17309 | Lair:6   | Gained mutation: Your large and strong wings let you fly
                  | indefinitely. [Gargoyle growth]
 17309 | Lair:6   | Reached XP level 14. HP: 84/84 MP: 17/17
 17311 | Lair:6   | Found a staircase to the Slime Pits.
 17705 | Lair:6   | Received a gift from Okawaru
 17706 | Lair:6   | Got an ancient robe {god gift}
 18409 | D:9      | Found a staircase to the Orcish Mines.
 19308 | D:10     | Entered Level 10 of the Dungeon
 19430 | D:10     | Found a runed translucent gate.
 19430 | D:10     | Found a runed translucent gate.
 19430 | D:10     | Found a runed translucent gate.
 19431 | D:10     | Noticed diiiiiane's ghost (novice DEFE)
 19459 | D:10     | Killed diiiiiane's ghost
 19459 | D:10     | Reached skill level 6 in Invocations
 19473 | D:10     | Reached skill level 9 in Fighting
 19632 | D:10     | Got a shimmering broad axe
 19691 | D:10     | Noticed Sonja
 19708 | D:10     | Killed Sonja
 20418 | D:11     | Identified the +0 broad axe "Cireal" {chop, rC++} (You
                  | found it on level 10 of the Dungeon)
 20561 | Orc:1    | Entered Level 1 of the Orcish Mines
 20823 | Orc:2    | Entered Level 2 of the Orcish Mines
 20934 | Orc:2    | Found Ecoty's Mayhem Merchandise.
 21094 | Orc:2    | Received a gift from Okawaru
 21156 | Orc:2    | Found a roughly hewn altar of Beogh.
 21397 | Orc:2    | Found a staircase to the Elven Halls.
 21732 | Orc:2    | Found Vuoluu's Magic Scroll Emporium.
 21732 | Orc:2    | Found Saddy's Jewellery Boutique.
 21737 | Orc:2    | Bought a scroll of summoning for 104 gold pieces
 21737 | Orc:2    | Bought a scroll of identify for 22 gold pieces
 21737 | Orc:2    | Bought a scroll of enchant armour for 82 gold pieces
 21737 | Orc:2    | Bought a scroll of identify for 22 gold pieces
 21737 | Orc:2    | Bought a scroll of enchant weapon for 82 gold pieces
 21746 | Orc:2    | Bought the amulet of Broken Luck {Faith rF+++ MR+ Str-3
                  | Stlth+} for 1009 gold pieces
 21782 | Orc:2    | Found Fyurudou's Assorted Antiques.
 21821 | Orc:2    | Bought a scroll labeled EQOTOF LEISOI for 34 gold pieces
 21831 | Orc:2    | Found Izxob's Armour Emporium.
 22291 | Orc:1    | Reached XP level 15. HP: 79/93 MP: 20/20
 22329 | Orc:1    | Received a gift from Okawaru
 22944 | Orc:2    | Bought a scroll of acquirement for 572 gold pieces
 23026 | Orc:2    | Got a shimmering hat
 23027 | Orc:2    | Identified the +0 hat of the Arcane {+Inv Int+2} (You
                  | acquired it on level 2 of the Orcish Mines)
 23275 | Swamp:1  | Entered Level 1 of the Swamp
 23293 | Swamp:1  | Noticed Frances
 23620 | Swamp:1  | Killed Frances
 23620 | Swamp:1  | Reached skill level 1 in Dodging
 23963 | Swamp:1  | Noticed Kirke
 23966 | Swamp:1  | Reached skill level 12 in Maces & Flails
 23975 | Swamp:1  | Killed Kirke
 24197 | Swamp:1  | Noticed Jorgrun
 24213 | Swamp:1  | Killed Jorgrun
 24213 | Swamp:1  | Received a gift from Okawaru
 24213 | Swamp:1  | Reached skill level 12 in Fighting
 24789 | Swamp:2  | Received a gift from Okawaru
 24791 | Swamp:2  | Reached skill level 3 in Dodging
 25932 | Swamp:3  | Received a gift from Okawaru
 25932 | Swamp:3  | Reached XP level 16. HP: 105/105 MP: 22/22
 26172 | Swamp:4  | Entered Level 4 of the Swamp
 26195 | Swamp:4  | Noticed a thorn hunter
 26209 | Swamp:4  | Killed a thorn hunter
 26963 | Swamp:3  | Received a gift from Okawaru
 26967 | Swamp:3  | Got a jewelled eveningstar {god gift}
 26968 | Swamp:3  | Identified the +11 eveningstar of Zujud {crush, rC- Int+2
                  | Dex+8} (Okawaru gifted it to you on level 3 of the Swamp)
 27014 | Swamp:4  | Noticed Aizul
 27057 | Swamp:3  | Reached skill level 15 in Fighting
 27111 | Swamp:4  | Reached skill level 6 in Dodging
 27136 | Swamp:4  | Killed Aizul
 27317 | Swamp:4  | Got a decaying rune of Zot
 27436 | Swamp:4  | Received a gift from Okawaru
 28187 | Snake:1  | Entered Level 1 of the Snake Pit
 28427 | Snake:1  | Found a blossoming altar of Fedhas.
 29227 | Snake:2  | Noticed a nagaraja
 29242 | Snake:2  | Killed a nagaraja
 29256 | Snake:2  | Received a gift from Okawaru
 29257 | Snake:2  | Got a smoking morningstar {god gift}
 29375 | Snake:2  | Reached XP level 17. HP: 90/116 MP: 19/23
 29541 | Snake:2  | Found a shimmering altar of Xom.
 29593 | Snake:2  | Noticed Vashnia
 29694 | Snake:2  | Killed Vashnia
 29694 | Snake:2  | Received a gift from Okawaru
 29864 | Snake:2  | Found Ubajew's General Store.
 29872 | Snake:2  | Bought a scroll of identify for 30 gold pieces
 29872 | Snake:2  | Bought a scroll of identify for 30 gold pieces
 29872 | Snake:2  | Bought a +1 pair of boots of running for 547 gold pieces
 29872 | Snake:2  | Bought a potion of resistance for 150 gold pieces
 30013 | Snake:3  | Reached skill level 9 in Dodging
 30133 | Snake:3  | Got a spiked chain mail
 30134 | Snake:3  | Identified the +5 chain mail "Juott" {rF+} (You acquired it
                  | on level 3 of the Snake Pit)
 30540 | Snake:3  | Found a runed translucent door.
 30540 | Snake:3  | Found a shimmering altar of Xom.
 30540 | Snake:3  | Noticed Veruih's ghost (adept DDFi)
 30625 | Snake:3  | Killed Veruih's ghost
 31021 | Snake:4  | Entered Level 4 of the Snake Pit
 31065 | Snake:4  | Noticed Agnes
 31082 | Snake:4  | Killed Agnes
 32027 | Snake:4  | Reached skill level 18 in Fighting
 32029 | Snake:4  | Received a gift from Okawaru
 32228 | Snake:4  | Received a gift from Okawaru
 32228 | Snake:4  | Reached XP level 18. HP: 62/126 MP: 18/24
 32596 | Snake:4  | Got a serpentine rune of Zot
 32927 | Elf:1    | Entered Level 1 of the Elven Halls
 33044 | Elf:1    | Received a gift from Okawaru
 33188 | Elf:1    | Identified the ring of the Equinox {Ice +Fly rPois Slay+2}
 33204 | Elf:1    | Noticed an Ice Fiend
 33741 | Elf:1    | Found a runed translucent gate.
 33741 | Elf:1    | Found a runed translucent gate.
 33741 | Elf:1    | Found a runed translucent gate.
 33741 | Elf:1    | Found a runed translucent gate.
 33741 | Elf:1    | Found a runed translucent gate.
 33743 | Elf:1    | Found a runed translucent gate.
 34111 | Elf:1    | Reached skill level 12 in Dodging
 34113 | Elf:1    | Received a gift from Okawaru
 34700 | Elf:2    | Found a huge runed translucent gate.
 34700 | Elf:2    | Found a huge runed translucent gate.
 34711 | Elf:2    | Found a huge runed translucent gate.
 34984 | Elf:2    | Reached XP level 19. HP: 134/134 MP: 25/25
 35133 | Elf:2    | Found a huge runed translucent gate.
 35133 | Elf:2    | Found a huge runed translucent gate.
 35309 | Elf:2    | Received a gift from Okawaru
 35647 | Elf:3    | Entered Level 3 of the Elven Halls
 35922 | Elf:3    | Received a gift from Okawaru
 35962 | Elf:3    | HP: 12/136 [deep elf sorcerer/damnation (27)]
 36498 | Elf:3    | Received a gift from Okawaru
 36554 | Elf:3    | Reached skill level 21 in Fighting
 37084 | Elf:3    | Reached XP level 20. HP: 87/144 MP: 23/26
 37381 | Elf:3    | Identified the +10 dire flail "Liomuho" {venom, rN+ Int+3}
 37381 | Elf:3    | Identified the ring of Louble Corgh {rC+ rN++ MR+ Stlth+}
 37600 | Elf:3    | Received a gift from Okawaru
 37608 | Elf:3    | Identified the +1 scale mail of a treasure trove {MP+9}
 37890 | Elf:3    | Got a twisted leather armour
 37906 | Elf:3    | Identified the Grimoire of the Grue
 38370 | D:12     | Noticed Maurice
 38378 | D:12     | Killed Maurice
 39178 | D:13     | Noticed Josephine
 39187 | D:13     | Killed Josephine
 39326 | D:13     | Received a gift from Okawaru
 39352 | D:13     | Got a crude chain mail {god gift}
 39686 | D:13     | Found a gate to the Vaults.
 39690 | D:13     | Reached skill level 15 in Shields
 40685 | D:15     | Entered Level 15 of the Dungeon
 40810 | D:15     | Found a staircase to the Depths.
 41037 | D:15     | Noticed Louise
 41075 | D:15     | Killed Louise
 41757 | Depths:1 | Entered Level 1 of the Depths
 41791 | Depths:1 | Received a gift from Okawaru
 42006 | Depths:1 | Found the +3 crown of Dyrovepreva {rElec Int+2 SInv}
 42290 | Depths:1 | Reached XP level 21. HP: 125/151 MP: 27/27
 42468 | Depths:1 | Found Keimej's Jewellery Boutique.
 42501 | Depths:1 | Found a gateway to Hell.
 42547 | Depths:1 | Found a corrupted altar of Lugonu.
 42547 | Depths:1 | Found a one-way gate to the infinite horrors of the Abyss.
 42562 | Depths:1 | Received a gift from Okawaru
 43069 | Depths:2 | Reached skill level 15 in Dodging
 44263 | Depths:2 | Received a gift from Okawaru
 44444 | Depths:2 | Identified the Guide on Flight
 44447 | Depths:2 | Identified the Collected Works on Lightness
 44628 | Depths:3 | Found the brooch of Shielding {Reflect SH+8}
 44879 | Depths:3 | Received a gift from Okawaru
 45030 | Depths:3 | Gained mutation: You have large cloven feet. [a neqoxec]
 45044 | Depths:3 | Identified the Incunabulum of Battle Magic
 45158 | Depths:3 | Reached XP level 22. HP: 149/158 MP: 26/28
 45245 | Depths:3 | Received a gift from Okawaru
 45439 | Depths:3 | Found a one-way gate leading to the halls of Pandemonium.
 45599 | Depths:3 | Noticed a golden dragon
 45599 | Depths:3 | an iron dragon changed into a golden dragon
 45601 | Depths:3 | a golden dragon changed into an iron dragon
 45610 | Depths:3 | Identified the Compendium of the Traveller
 46496 | Depths:4 | Reached skill level 18 in Armour
 46667 | Depths:4 | Noticed a caustic shrike
 46667 | Depths:4 | Noticed a caustic shrike
 46672 | Depths:4 | Noticed a caustic shrike
 46689 | Depths:4 | Killed a caustic shrike
 46689 | Depths:4 | Received a gift from Okawaru
 46692 | Depths:4 | Killed a caustic shrike
 46695 | Depths:4 | Killed a caustic shrike
 46785 | Depths:4 | Reached skill level 18 in Shields
 46982 | Depths:4 | Reached skill level 15 in Maces & Flails
 47083 | Depths:4 | Received a gift from Okawaru
 47269 | Depths:4 | Identified Sif Muna's Compendium of the Ghastly Arsonist
 47588 | Vaults:1 | Entered Level 1 of the Vaults
 47813 | Vaults:1 | Reached XP level 23. HP: 162/164 MP: 29/29
 47837 | Vaults:1 | Noticed Saint Roka
 48295 | Vaults:1 | Killed Saint Roka
 48511 | Vaults:1 | Noticed Donald
 48521 | Vaults:1 | Killed Donald
 49439 | Vaults:2 | Received a gift from Okawaru
 49582 | Vaults:2 | Found a staircase to the Crypt.
 50618 | Vaults:4 | Found a hide-covered altar of Uskayaw.
 50902 | Vaults:4 | Noticed a golden dragon
 50916 | Vaults:4 | Killed a golden dragon
 51237 | Vaults:3 | Found Newya's Armour Shop.
 51530 | Vaults:3 | Received a gift from Okawaru
 52223 | Vaults:2 | Received a gift from Okawaru
 52440 | Vaults:2 | Reached XP level 24. HP: 171/171 MP: 29/29
 52923 | Depths:5 | Entered Level 5 of the Depths
 52956 | Depths:5 | Received a gift from Okawaru
 53005 | Depths:5 | Found a gateway to a ziggurat.
 53335 | Depths:5 | Noticed Margery
 53347 | Depths:5 | Killed Margery
 53935 | Depths:5 | Received a gift from Okawaru
 54056 | Depths:5 | Found a runed translucent door.
 54056 | Depths:5 | Found a runed translucent door.
 54069 | Depths:5 | Found a runed translucent door.
 54069 | Depths:5 | Found a runed translucent door.
 54074 | Depths:5 | Found a runed translucent door.
 54075 | Depths:5 | Found a runed translucent door.
 54280 | Depths:5 | Found a gate to the Realm of Zot.
 54718 | Vaults:5 | Entered Level 5 of the Vaults
 54739 | Vaults:5 | Noticed an ancient lich
 54751 | Vaults:5 | Killed an ancient lich
 54764 | Vaults:5 | Noticed an ancient lich
 54782 | Vaults:5 | Killed an ancient lich
 54786 | Vaults:5 | Found Zelyvvuh's Distillery.
 54812 | Vaults:5 | Received a gift from Okawaru
 54820 | Vaults:5 | Found Ympanu's Food Shop.
 54826 | Vaults:5 | Bought a potion of might for 64 gold pieces
 54826 | Vaults:5 | Bought a potion of heal wounds for 80 gold pieces
 54826 | Vaults:5 | Bought a potion of resistance for 160 gold pieces
 54826 | Vaults:5 | Bought a potion of haste for 160 gold pieces
 54826 | Vaults:5 | Bought a potion of haste for 160 gold pieces
 54856 | Vaults:5 | Reached XP level 25. HP: 178/178 MP: 29/29
 55002 | Vaults:5 | Reached skill level 21 in Shields
 55495 | Vaults:5 | Reached skill level 24 in Fighting
 55517 | Vaults:5 | Received a gift from Okawaru
 55521 | Vaults:5 | Got a pair of spiked boots {god gift}
 55621 | Vaults:5 | Identified the +0 pair of boots of Xutul {rC+ Str+4}
                  | (Okawaru gifted it to you on level 5 of the Vaults)
 55660 | Vaults:5 | Noticed an ancient lich
 55668 | Vaults:5 | Killed an ancient lich
 56330 | Vaults:5 | Found the +0 pair of fencer's gloves {Riposte Dex+3}
 56367 | Vaults:5 | Found Vejie's Antique Armour Emporium.
 56371 | Vaults:5 | Got a vibrating bone amulet
 56372 | Vaults:5 | Identified the amulet "Ciaxadid" {Inacc +Blink Dex+4} (You
                  | found it on level 5 of the Vaults)
 56607 | Vaults:5 | Reached XP level 26. HP: 184/184 MP: 29/29
 56613 | Vaults:5 | Got a silver rune of Zot
 56639 | Vaults:5 | Received a gift from Okawaru
 57222 | Zot:1    | Entered Level 1 of the Realm of Zot
 58303 | Zot:1    | Got a slimy chain mail
 58316 | Zot:1    | Identified the +3 chain mail "Nufunug" {-Cast rF++ Dex+6}
                  | (You found it on level 1 of the Realm of Zot)
 58391 | Zot:1    | Received a gift from Okawaru
 58788 | Zot:1    | Found a runed translucent door.
 58789 | Zot:1    | Noticed Netemen's ghost (master GnFi)
 58973 | Zot:1    | Killed Netemen's ghost
 58977 | Zot:1    | Got a twitching marble ring
 58978 | Zot:1    | Identified the ring "Zomm" {+Fly Dex+2} (You found it on
                  | level 1 of the Realm of Zot)
 59049 | Zot:1    | Received a gift from Okawaru
 59673 | Zot:2    | Noticed an orb of fire
 59695 | Zot:2    | Killed an orb of fire
 59740 | Zot:2    | Reached XP level 27. HP: 79/192 MP: 28/29
 59747 | Zot:2    | Received a gift from Okawaru
 59754 | Zot:2    | Reached skill level 18 in Maces & Flails
 59817 | Zot:2    | Reached skill level 21 in Armour
 60052 | Zot:2    | Got a warped robe
 60727 | Zot:3    | Reached skill level 18 in Dodging
 60959 | Zot:3    | Noticed an orb of fire
 60995 | Zot:3    | Received a gift from Okawaru
 61001 | Zot:3    | Gained mutation: You occasionally shout uncontrollably at
                  | your foes. [an orb of fire]
 61004 | Zot:3    | Killed an orb of fire
 61084 | Zot:3    | Noticed an orb of fire
 61087 | Zot:3    | Got a faintly humming large shield {god gift}
 61104 | Zot:3    | Lost mutation: You have large cloven feet. [an orb of fire]
 61107 | Zot:3    | Killed an orb of fire
 61107 | Zot:3    | Reached skill level 24 in Shields
 62109 | Zot:4    | Received a gift from Okawaru
 62181 | Zot:4    | Noticed an orb of fire
 62190 | Zot:4    | Lost mutation: You occasionally shout uncontrollably at
                  | your foes. [an orb of fire]
 62191 | Zot:4    | Killed an orb of fire
 62700 | Zot:5    | Entered Level 5 of the Realm of Zot
 63047 | Zot:5    | Received a gift from Okawaru
 63068 | Zot:5    | Identified the +1 large shield of Fortification {rN+ MP+9}
                  | (Okawaru gifted it to you on level 3 of the Realm of Zot)
 63596 | Zot:5    | Noticed an ancient lich
 63598 | Zot:5    | Noticed an ancient lich
 63641 | Zot:5    | Killed an ancient lich
 63692 | Zot:5    | Killed an ancient lich
 63694 | Zot:5    | Received a gift from Okawaru
 63700 | Zot:5    | Got a fine helmet {god gift}
 63703 | Zot:5    | Identified the +0 helmet of Oddimas {Dex+6} (Okawaru gifted
                  | it to you on level 5 of the Realm of Zot)
 63721 | Zot:5    | Noticed an orb of fire
 63729 | Zot:5    | Noticed an orb of fire
 63749 | Zot:5    | Killed an orb of fire
 63750 | Zot:5    | Noticed an orb of fire
 63765 | Zot:5    | Gained mutation: You are mostly covered in large bone
                  | plates. (SH +6) [an orb of fire]
 63766 | Zot:5    | Killed an orb of fire
 63778 | Zot:5    | Noticed an electric golem
 63782 | Zot:5    | Killed an orb of fire
 63790 | Zot:5    | Noticed an ancient lich
 63793 | Zot:5    | Noticed an orb of fire
 63815 | Zot:5    | Killed an orb of fire
 63830 | Zot:5    | Killed an ancient lich
 63912 | Zot:5    | Noticed an ancient lich
 63928 | Zot:5    | Killed an ancient lich
 63928 | Zot:5    | Received a gift from Okawaru
 63954 | Zot:5    | Killed an electric golem
 64215 | Zot:5    | Got a slimy scale mail {god gift}
 64296 | Zot:5    | Noticed an electric golem
 64306 | Zot:5    | Killed an electric golem
 65030 | Zot:5    | Got the Orb of Zot
 65392 | Depths:1 | Gained mutation: Scrolls take you a little longer to read.
                  | [a cacodemon]
 65798 | D:$      | Escaped with the Orb!

Levels and vault maps discovered:
D:1:      kennysheep_arrival_forest, layout_loops_ring, minmay_octomino_j4
D:2:      layout_loops_ring, gammafunk_temple_overflow_pools
D:3:      layout_loops_corners, elyvilon_altar_5
D:4:      layout_basic, zin_treasury, first_ration, kennysheep_generic_room_11
D:5:      cheibrodos_fzero, layout_basic, trog_eyes_of_draining,
          minmay_temple_entry_slanted
D:6:      layout_layer_cave, chequers_ossuary_entry_cave,
          evilmike_ruin_ashenzari
D:7:      layout_loops_ring, lemuel_round_altar, grunt_ogre_cave,
          uniq_prince_ribbit1, uniq_pikel
D:8:      layout_cave_pods, minmay_lair_entry_grove
D:9:      layout_stronghold, orc_0_dummy
D:10:     layout_basic, gammafunk_ghost_hydra_chop, uniq_sonja
D:11:     layout_big_octagon
D:12:     layout_loops_corners, uniq_maurice
D:13:     layout_loops_ring, david_vaults_1, nicolae_sextant, uniq_josephine
D:14:     layout_long_grid, drop_trap, hangedman_decor_diamond_cutter
D:15:     hangedman_depths_entry_try_elsewhere_first, layout_gridville,
          nicolae_benzene_ring, st_stairs_2, uniq_louise
Temple:   eino_temple_rhombus
Lair:1:   layout_hall_layers, uniq_nergalle
Lair:2:   layout_regular_city, dummy_snake_entry, uniq_erica
Lair:3:   layout_misc_corridors, lemuel_fruit_fields, grunt_megastairs_4
Lair:4:   layout_long_grid, palyth_hydra_swamp_entry, beast_lair_carwin_1,
          minmay_lair_oklob_chamber, infiniplex_staircase_pool
Lair:5:   layout_regular_city
Lair:6:   minmay_lair_end_enchanted_forest, layout_regular_city,
          minmay_slime_entry_pillars, nicolae_volcano_entry_lava_flow,
          lemuel_fruit_tree
Swamp:1:  layout_basic_swamp, serial_swamp_ruin, evilmike_swamp_ruin_house_2,
          hangedman_swamp_ruin_hall, uniq_kirke, uniq_frances, uniq_jorgrun
Swamp:2:  layout_falls_marsh, evilmike_swamp_ruin_house_3
Swamp:3:  layout_basic_swamp, evilmike_swamp_ruin_wall
Swamp:4:  swamp_alternative, layout_basic_swamp, swamp_pool3,
          roderic_carrion_pond, uniq_aizul
Snake:1:  layout_chambers, basic_altar
Snake:2:  layout_onion_interference, basic_altar, serial_shops, shop,
          serial_bayou_pond_c, grunt_megastairs_1, serial_bayou_shore_b,
          uniq_vashnia
Snake:3:  layout_layer_cave, ebering_ghost_xom
Snake:4:  johnstein_snake_rune_scales, layout_chambers, serial_bayou_shore_b,
          uniq_agnes
Orc:1:    cheibrodos_orc_guarddog, layout_diamond_mine
Orc:2:    st_orc_town, layout_caves, nicolae_orc_lava_tube, minmay_shop_mayhem
Elf:1:    elf_arrival_001, layout_gridlike, orc_legates, corner_web_ring
Elf:2:    layout_geoelf_octagon, nicolae_elf_stone_circles
Elf:3:    minmay_elf_hall_hex, layout_geoelf_octagon, st_stairs_4
Vaults:1: hangedman_vaults_stagger, nicolae_vaults_three_branches,
          grunt_vaults_swirl, nicolae_vaults_what_the_h,
          hangedman_vaults_stream, vaults_dpeg_hooks, ontoclasm_vaults_shout,
          vaults_mumra_chevron, layout_vaults_omnicross, uniq_saint_roka,
          uniq_donald
Vaults:2: ontoclasm_vaults_shuriken, vaults_dpeg_spiral, ontoclasm_vaults_pinch,
          v_misc_9, st_more_cells, ontoclasm_vaults_gateway,
          minmay_crypt_entry_nasty_monster, vaults_dpeg_doors, v_misc_3,
          v_pattern_4, v_alt_pattern_1, vaults_mumra_lcd,
          vaults_room_semicircle, layout_vaults_omnibox,
          portal_desolation_entry_ruin
Vaults:3: nicolae_vaults_hallways_thing, ontoclasm_vaults_ring_square,
          nicolae_vaults_specimen_jars, vaults_mumra_bighexcomb,
          nicolae_vaults_network_barrier, hangedman_vaults_maws,
          nicolae_vaults_little_squares_3, grunt_vaults_focal,
          vaults_room_door_ring, v_misc_25, nicolae_vaults_circle_grid_a,
          nicolae_vaults_asterisk, layout_vaults_ring, serial_shops, shop
Vaults:4: grunt_vaults_diagonal, ontoclasm_vaults_hangar, grunt_vaults_funnel,
          dpeg_vaults_waves, vaults_room_stairs_pillars, v_misc_18, v_misc_19,
          nicolae_vaults_little_squares_1, layout_vaults_omnigrid, basic_altar
Vaults:5
Depths:1: layout_cave_shapes, hell_entry, serial_shops,
          nicolae_shop_temple_entry_statues_fountains, abyss_entry_flame_altar,
          minmay_guarded_unrand_dyrovepreva
Depths:2: mu_elemental_laboratory, layout_gridlike, hell_entry
Depths:3: radiant_caverns_a_rkd, hell_entry, pan_entry
Depths:4: kennysheep_four_of_diamonds, layout_cave_pools,
          kennysheep_minor_cross, hangedman_coc_ice_floe,
          minmay_room_of_horrors, minmay_staircase_bubble, serial_bayou_shore_b
Depths:5: evilmike_zot_entry_castle, layout_basic, enter_ziggurat_b, hell_entry,
          minmay_misc_feat_secret_circle, uniq_margery
Zot:1:    lemuel_acid_trip, layout_onion_interference, gammafunk_ghost_grave,
          st_stairs_14, kennysheep_underground_church
Zot:2:    kennysheep_room_grid, layout_onion_interference, bh_zot_ikea_curve
Zot:3:    grunt_deathspiral_small, layout_cathedral_of_symmetry
Zot:4:    layout_twisted_circle
Zot:5:    layout_basic, grunt_ministairs_4, nicolae_zot_crop_circle

Action                   |  1- 3 |  4- 6 |  7- 9 | 10-12 | 13-15 | 16-18 | 19-21 | 22-24 | 25-27 || total
-------------------------+-------+-------+-------+-------+-------+-------+-------+-------+-------++-------
Melee: Flail             |    74 |   256 |   585 |       |       |       |       |       |       ||   915
       Whip              |       |       |   116 |  2111 |    29 |       |       |       |       ||  2256
       Demon whip        |       |       |       |       |  1981 |   144 |       |       |       ||  2125
       Eveningstar       |       |       |       |       |       |  1187 |  1716 |  1732 |  2232 ||  6867
Throw: Throwing net      |       |       |       |       |       |       |       |       |     1 ||     1
Invok: Heroism           |       |       |       |    10 |    18 |    23 |    22 |    15 |    37 ||   125
       Finesse           |       |       |       |     2 |    11 |    13 |    16 |    13 |    24 ||    79
 Abil: Fly               |       |       |       |       |     1 |       |       |     1 |     1 ||     3
       Stop Flying       |       |       |       |       |       |       |       |     1 |     1 ||     2
Evoke: Wand              |       |       |       |     3 |     7 |       |     1 |       |     3 ||    14
       Lightning rod     |       |       |       |       |       |     4 |     7 |     4 |    12 ||    27
       Phantom mirror    |       |       |       |       |       |       |     1 |       |       ||     1
  Use: Scroll            |     4 |     1 |    10 |     6 |    19 |    16 |    13 |    20 |    15 ||   104
       Potion            |       |     1 |       |     4 |     2 |       |     6 |     5 |     5 ||    23
 Stab: Confused          |       |       |       |       |     4 |       |       |       |     1 ||     5
       Distracted        |       |       |       |       |       |     2 |       |       |     2 ||     4
  Eat: Chunk             |       |     7 |    31 |    25 |    31 |     7 |    21 |    23 |    12 ||   157
       Ration            |       |       |       |       |       |     7 |     3 |     4 |     6 ||    20
Armor: Scale mail        |    31 |    29 |       |       |       |       |       |       |       ||    60
       Chain mail        |       |    77 |   166 |       |       |       |       |       |       ||   243
       Plate armour      |       |       |   194 |   781 |   657 |   416 |   468 |   427 |   330 ||  3273
       Gold dragon scale |       |       |       |       |       |       |       |       |   260 ||   260
Dodge: Dodged            |    22 |    60 |   175 |   334 |   368 |   423 |   659 |   672 |   824 ||  3537
       Deflected         |       |       |       |       |     4 |    67 |    44 |    38 |    70 ||   223
Block: Shield            |    39 |   123 |   347 |  1040 |  1371 |  1170 |  1482 |  1518 |  1817 ||  8907
